 Dungeon Crawl Stone Soup version 0.17-a0-1714-g35622ae (webtiles) character file.

79 Longbeard the Shooter (level 4, -1/29 HPs)
             Began as a High Elf Hunter on Aug 23, 2015.
             Shot with an arrow by a centaur (7 damage)
             ... on level 3 of the Dungeon.
             The game lasted 00:32:08 (2026 turns).

Longbeard the Shooter (High Elf Hunter)             Turns: 2026, Time: 00:32:09

Health: -1/29      AC:  3    Str: 11    XL:     4   Next: 16%
Magic:  5/5        EV: 12    Int: 15    God:
Gold:   68         SH:  0    Dex: 16    Spells: 0 memorised, 3 levels left

rFire  . . .     SeeInvis .     c - +0 short sword
rCold  . . .     Clarity  .     d - +0 leather armour
rNeg   . . .     SustAt   .     (no shield)
rPois  .         Gourm    .     (no helmet)
rElec  .         Spirit   .     (no cloak)
rCorr  .         Warding  .     (no gloves)
rMut   .         Stasis   .     (no boots)
MR     .....                    (no amulet)
Stlth  ++........               (no ring)
                                (no ring)

@: not resistant to hostile enchantments, unstealthy
A: no striking features
a: no special abilities


You were on level 3 of the Dungeon.
You were not hungry.

You visited 1 branch of the dungeon, and saw 3 of its levels.

You collected 68 gold pieces.

Inventory:

Hand weapons
 a - a +1 shortbow
 c - a +0 short sword (weapon)
 i - a +0 dagger
 r - a +0 dagger
Missiles
 b - 4 arrows
 g - a throwing net (quivered)
Armour
 d - a +0 leather armour (worn)
 m - a +0 robe
 p - a +0 ring mail
Jewellery
 j - an uncursed ring of poison resistance {unknown}
 t - a +4 ring of protection {unknown}
Scrolls
 f - a scroll of identify {unknown}
 l - a scroll of blinking {unknown}
 o - 3 scrolls of fog {unknown}
 q - a scroll of magic mapping {unknown}
Potions
 h - a potion of heal wounds {unknown}
 k - a potion of might {unknown}
 n - a potion of brilliance {unknown}
 u - 2 potions of degeneration {unknown}
Comestibles
 e - 2 bread rations
 s - a meat ration


   Skills:
 + Level 2.2 Fighting
 + Level 6.9 Bows
 + Level 0.6 Armour
 + Level 2.6 Dodging
 + Level 1.3 Stealth


You had 3 spell levels left.
You didn't know any spells.

Dungeon Overview and Level Annotations

Branches:
Dungeon (3/15)

Altars:
Sif Muna


Message History

The orc shouts!
You hit the goblin.
You kill the goblin!
The centaur wields a shortbow.
The centaur shoots an arrow.
The arrow hits you!
The centaur shoots an arrow.
The arrow hits you.
The centaur unwields an uncursed shortbow.
The centaur hits you.
You barely miss the centaur. The centaur barely misses you.
You barely miss the centaur. The centaur hits you!
* * * LOW HITPOINT WARNING * * *
The centaur barely misses you.
The centaur wields an uncursed shortbow.
The centaur shoots an arrow.
The arrow hits you but does no damage.
Things that are here:
4 arrows; a dagger
b - 4 arrows The centaur shoots an arrow.
The arrow barely misses you.
The centaur shoots an arrow.
The arrow barely misses you.
The centaur shoots an arrow.
The arrow hits you!
You die...

###.....#
#.....####
#.###....##
#. #.....#
# ##..(##
###.# #.#
#.# #@# #)#
#.# #c# #o#
.(. #(.
#(.. ##..


You could see a centaur and an orc.

Vanquished Creatures
  Natasha (twice) (D:2)
  2 oozes
  2 giant geckos
  4 giant cockroaches
  6 goblins
  3 hobgoblins
  A kobold (D:1)
  3 bats (D:1)
  A giant newt (D:1)
  4 jackals (D:1)
  8 rats
36 creatures vanquished.

Notes
Turn   | Place    | Note
--------------------------------------------------------------
     0 | D:1      | Longbeard the High Elf Hunter began the quest for the Orb.
     0 | D:1      | Reached XP level 1. HP: 14/14 MP: 2/2
   185 | D:1      | Reached XP level 2. HP: 17/19 MP: 3/3
   248 | D:1      | Reached skill level 6 in Bows
   813 | D:1      | Reached XP level 3. HP: 24/24 MP: 4/4
  1478 | D:2      | Noticed Natasha
  1496 | D:2      | Killed Natasha
  1791 | D:2      | Found a deep blue altar of Sif Muna.
  1878 | D:2      | Noticed Natasha
  1883 | D:2      | Killed Natasha
  1883 | D:2      | Reached XP level 4. HP: 29/29 MP: 5/5
  2017 | D:3      | Noticed a centaur
  2026 | D:3      | Shot with an arrow by a centaur

Vault maps used:
D:1:      minmay_arrival_open_corners, minmay_misc_feat_nine_boxes,
          minmay_close_crescents
D:2:      led_sif_pool, first_bread, serial_corexii_hall,
          corexii_hall_statues_x, corexii_hall_statues_x, uniq_natasha
D:3:      ecumenical_altar_1

Action                   |  1- 3 |  4- 6 || total
-------------------------+-------+-------++-------
Melee: Dagger            |     7 |       ||     7
       Short sword       |       |     4 ||     4
 Fire: Shortbow          |   105 |     8 ||   113
  Eat: Meat ration       |     1 |       ||     1
